 Dungeon Crawl Stone Soup version 0.32-a0-981-g384da2ce10 (webtiles) character file.

Game seed: 15974980793684453909

263 Heh the Trooper (level 6, -1/73 HPs)
             Began as a Coglin Brigand on Apr 20, 2024.
             Splashed by a jelly's acid (4 damage)
             ... on level 4 of the Dungeon.
             The game lasted 00:02:52 (2751 turns).

Heh the Trooper (Coglin Brigand)                    Turns: 2751, Time: 00:02:52

Health: -1/73      AC: 15    Str: 12    XL:     6   Next: 19%
Magic:  6/6        EV:  2    Int: 10    God:
Gold:   96         SH:  0    Dex: 17    Spells: 5/5 levels left

rFire   . . .        a - +2 dagger {Kanlaya}
rCold   . . .        h - +2 dagger (venom) {Kaori}
rNeg    . . .        p - melded +2 leather armour "Zihib" {Int+3}
rPois   +            u - melded +0 helmet
rElec   .            c - melded +0 cloak
rCorr   .            (gloves currently unavailable)
SInv    .            (boots currently unavailable)
Will    .....        (amulet unavailable)
Stlth   ++           (ring unavailable)
HPRegen 0.32/turn    (ring unavailable)
MPRegen 0.10/turn    (no gizmo)

%: no passive effects
@: tree-form, corroded, revved
A: stationary, stasis, torment immunity, boosted hp, off-hand wielding, slow
wielding, warmup strikes, no jewellery
a: Invent Gizmo


You were on level 4 of the Dungeon.
You were a tree.
You visited 1 branch of the dungeon, and saw 4 of its levels.

You collected 96 gold pieces.

Inventory:

Hand Weapons
 a - a +2 dagger (weapon) {Kanlaya}
 f - a +0 dagger {Zarja}
 h - a +2 dagger of venom (offhand) {Kaori}
 v - a +0 rapier
Missiles
 d - 12 poisoned darts (quivered)
 e - 3 curare-tipped darts
Armour
 b - a +0 robe
 c - a +0 cloak (melded)
 m - a +0 ring mail
 p - the +2 leather armour "Zihib" (melded) {Int+3}
   (You found it on level 2 of the Dungeon)

   Int+3:     It affects your intelligence (+3).
 q - a +0 chain mail
 u - a +0 helmet (melded)
Scrolls
 g - 2 scrolls of blinking {unknown}
 i - a scroll of revelation {unknown}
 k - a scroll of vulnerability {unknown}
 l - 3 scrolls of identify {unknown}
 n - 2 scrolls of amnesia {unknown}
 o - a scroll of fear {unknown}
 r - a scroll of noise {unknown}
 t - 2 scrolls of teleportation {unknown}


   Skills:
 + Level 4.6 Fighting
 - Level 1.7(3.0) Short Blades
 + Level 4.0(4.2) Long Blades
 - Level 1.7 Throwing
 - Level 0.8 Dodging
 - Level 3.2 Stealth


You had 5 spell levels left.
You didn't know any spells.
Your spell library was empty.

Dungeon Overview and Level Annotations

Branches:
Dungeon (4/15)
 Temple: D:4-7

Altars:
Sif Muna


Innate Abilities, Weirdness & Mutations

You are a tree.
Your roots penetrate the ground, keeping you stationary.
You cannot be teleported.
You are immune to unholy pain and torment.
Your maximum health is greatly increased.
Your equipment is partially melded.
You can wield a second weapon in your off-hand.
It takes a long time for you to wield or remove held weapons.
Your first few attacks do less damage.
You cannot equip rings or amulets.


Message History

You hit the jelly with your +2 dagger of venom.
Your graspers burn!
The jelly is lightly wounded.
You hit the jelly with your +2 dagger.
Your graspers burn!
The jelly hits you. The acid corrodes you!
You are splashed with acid!
The orc cheers loudly, as Orcs often do.
The orc hits you with a +0 club. The orc hits you with a +0 dagger.
You hit the jelly with your +2 dagger.
Your graspers burn!
The jelly is heavily wounded.
You barely miss the jelly with your +2 dagger of venom.
You barely miss the jelly with your +2 dagger of venom.
The jelly is heavily wounded.
You hit the jelly with your +2 dagger.
Your graspers burn!
The jelly hits you.
* * * LOW HITPOINT WARNING * * *
The acid corrodes you!
You are splashed with acid!
* * * LOW HITPOINT WARNING * * *
The orc closely misses you. The orc barely misses you.
It was a potion of lignification.
You turn into a tree.
Your +0 cloak melds into your body.
Your +0 helmet melds into your body.
The +2 leather armour "Zihib" {Int+3} melds into your body.
Your roots penetrate the ground.
The jelly hits you but does no damage. The orc hits you but does no damage. x2
You hit the jelly but do no damage.
Your branches burn!
* * * LOW HITPOINT WARNING * * *
The jelly is severely wounded.
You barely miss the jelly with your +2 dagger of venom.
The jelly hits you but does no damage. The orc hits you but does no damage.
The orc hits you with a +0 club.
* * * LOW HITPOINT WARNING * * *
You aren't carrying any items that you can evoke.
You hit the jelly but do no damage.
The jelly is poisoned.
Your branches burn!
* * * LOW HITPOINT WARNING * * *
The jelly is severely wounded.
You completely miss the jelly with your +2 dagger.
The jelly hits you but does no damage. The orc hits you but does no damage. x2
You hit the jelly but do no damage.
Your branches burn!
* * * LOW HITPOINT WARNING * * *
The jelly is almost dead.
You hit the jelly but do no damage.
Your branches burn!
You die...

~~~~P~~...# #.#
~~~~~~~...# #.#
≈~≈~~~♣♣..# #.# ≈≈≈≈~~
♣..###.#####
≈≈≈~≈~~♣..........#
≈≈≈≈≈♣~P..###.....####♣♣
≈≈≈≈≈≈~~..# #...P~P~~~~P
≈≈≈≈≈~~~..# ##..~P~~~~~~
≈≈≈≈♣P♣## #.)♣~~~PP~P
≈≈≈≈~♣ #.ooJ~~P~≈≈ ≈≈≈≈~
......~~~~≈≈≈ ≈≈~~~
#?###....~~P≈≈≈ ≈≈≈P
#...~~~~P≈≈ ≈~P
#..~~P~PP≈≈ #...~P~~~≈≈
...~P~P~~~≈


You could see a jelly (very poisoned) and 2 orcs.

Vanquished Creatures
  A hound (D:3)
  A gnoll bouda (D:4)
  An orc wizard (D:4)
  4 gnolls
  7 adders
  3 dart slugs
  A ribbon worm (D:2)
  5 orcs
  An endoplasm (D:3)
  5 giant cockroaches
  5 goblins
  7 hobgoblins
  4 jackals (D:1)
  7 kobolds
  2 quokkas
  A ball python (D:1)
  7 bats
  A frilled lizard (D:1)
  5 rats
68 creatures vanquished.

Notes
Turn   | Place    | Note
-------+----------+-------------------------------------------
     0 | D:1      | Heh the Coglin Brigand began the quest for the Orb.
     0 | D:1      | Reached XP level 1. HP: 16/16 MP: 1/1
     2 | D:1      | Noticed an armataur
     2 | D:1      | Noticed a merfolk
     4 | D:1      | Noticed a human
     4 | D:1      | Noticed a gargoyle
     6 | D:1      | Noticed a formicid
     6 | D:1      | Noticed a felid
     8 | D:1      | Noticed an octopode
    10 | D:1      | Noticed a ghoul
    10 | D:1      | Noticed a demigod
    12 | D:1      | Noticed a djinni
    14 | D:1      | Noticed a naga
    14 | D:1      | Noticed a vampire
    16 | D:1      | Noticed a spriggan
    16 | D:1      | Noticed a dwarf
    18 | D:1      | Noticed a troll
    18 | D:1      | Noticed a draconian
    20 | D:1      | Noticed a minotaur
    20 | D:1      | Noticed a barachi
    22 | D:1      | Noticed an elf
    22 | D:1      | Noticed an oni
    24 | D:1      | Noticed a tengu
    26 | D:1      | Noticed a vine stalker
    26 | D:1      | Noticed a demonspawn
   171 | D:1      | Reached skill level 1 in Long Blades
   171 | D:1      | Reached XP level 2. HP: 23/23 MP: 2/2
   501 | D:1      | Reached XP level 3. HP: 28/28 MP: 3/3
   956 | D:2      | Identified the +2 leather armour "Zihib" {Int+3}
  1184 | D:2      | Reached XP level 4. HP: 35/35 MP: 4/4
  2062 | D:3      | Found a shimmering blue altar of Sif Muna.
  2076 | D:3      | Reached XP level 5. HP: 42/42 MP: 5/5
  2207 | D:3      | Found a faded altar of an unknown god.
  2631 | D:3      | Reached XP level 6. HP: 36/49 MP: 6/6
  2751 | D:4      | HP: 3/73 [acid (1)]
  2751 | D:4      | Splashed by a jelly's acid

Illustrated notes

Levels and vault maps discovered:
D:1:      kb_arrival_jail, layout_loops_ring,
          hangedman_abyss_or_decor_lesser_grid
D:2:      layout_loops_corners, lemuel_flame_loot_1
D:3:      layout_loops_ring, lemuel_doored_altar,
          dreamdust_ecumenical_altar_sealed_demon, grunt_ministairs_8,
          minmay_distorted
D:4:      layout_loops_ring, minmay_temple_entry_large_hall, serial_bayou,
          serial_bayou_crossing, serial_bayou_lake_a, serial_bayou_pond_d,
          serial_bayou_shore_a, serial_bayou_shore_b, serial_bayou_lagoon_a,
          minmay_misc_feat_encased, nicolae_shop_clearance

Skill      XL: |  1  2  3  4  5  6 |
---------------+-------------------+-----
Long Blades    | 1 2 3 4 |  4.0
Fighting       | 3 4 |  4.6
Short Blades   | |  1.7
Throwing       | |  1.7
Dodging        | |  0.8
Stealth        | |  3.2

Action                     |  1- 3 |  4- 6 || total
---------------------------+-------+-------++-------
  Melee: Dagger            |    91 |   211 ||   302
    Use: Potion            |       |     3 ||     3
   Stab: Sleeping          |     6 |     4 ||    10
         Distracted        |     1 |       ||     1
 Armour: Robe              |    24 |       ||    24
         Ring mail         |    10 |       ||    10
         Leather armour    |     5 |    86 ||    91
         Skin              |       |     9 ||     9
  Dodge: Dodged            |    24 |    73 ||    97

Table legend: (Time is in decaauts)
 A = Elapsed time spent in this place.
 B = Non-inter-level travel time spent in this place.
 C = Inter-level travel time spent in this place.
 D = Time resting spent in this place.
 E = Time spent auto-exploring this place.
 F = Levels seen in this place.
 G = Mean time per level.
                   A        B        C        D        E       F      G
               +--------+--------+--------+--------+--------+-----+--------+
         Total |   2734 |   2641 |     93 |    230 |   1971 |   4 |  683.5 |
       Dungeon |   2734 |   2641 |     93 |    230 |   1971 |   4 |  683.5 |
               +--------+--------+--------+--------+--------+-----+--------+

Top non-repeatable levels by time:
     D:3: 1033 daAuts
     D:2: 888 daAuts
     D:1: 700 daAuts
     D:4: 112 daAuts
